 Dungeon Crawl Stone Soup version 0.30.0-5-g1a98f26d00 (webtiles) character file.

Game seed: 13474574079648686356

35 Irreverend the Ruffian (level 3, 0/29 HPs)
             Began as a Draconian Transmuter on May 10, 2023.
             Succumbed to a goblin's poison
             ... on level 2 of the Dungeon.
             The game lasted 00:01:35 (935 turns).

Irreverend the Ruffian (Draconian Transmuter)        Turns: 935, Time: 00:01:35

Health: 0/29       AC:  5    Str: 14    XL:     3   Next: 16%
Magic:  6/6        EV: 12    Int: 13    God:
Gold:   69         SH:  0    Dex: 11    Spells: 5/6 levels left

rFire   . .          .
                       - Unarmed
rCold   . . .        (no shield)
rNeg    . . .        (body armour unavailable)
rPois   .            (helmet currently unavailable)
rElec   .            (no cloak)
rCorr   .            (no gloves)
SInv    .            (boots currently unavailable)
Will    .....        (no amulet)
Stlth   +            (no ring)
HPRegen 0.24/turn    (no ring)
MPRegen 0.10/turn

%: no passive effects
@: lethally poisoned (0 -> -9), appendages (expiring)
A: horns 2, talons 2, AC +5, unfitting armour, cold-blooded
a: End Transformation


You were on level 2 of the Dungeon.
You had temporarily grown beastly horns and talons.
You visited 1 branch of the dungeon, and saw 2 of its levels.

You collected 69 gold pieces.

Inventory:

Wands
 h - a wand of light (7)
Scrolls
 b - 2 scrolls of magic mapping {unknown}
 d - a scroll of fear {unknown}
 e - a scroll of summoning {unknown}
 f - 2 scrolls of brand weapon {unknown}
Potions
 a - a potion of lignification
 c - a potion of magic {unknown}
 g - a potion of berserk rage {unknown}
 i - 2 potions of flight {unknown}


   Skills:
 + Level 1.9 Fighting
 - Level 1.7 Dodging
 * Level 3.7 Unarmed Combat
 - Level 2.0 Spellcasting
 + Level 2.4 Transmutations


You had 5 spell levels left.
You knew the following spells:

 Your Spells              Type           Power      Damage    Failure   Level
a - Beastly Appendage     Tmut           14%        N/A       10%         1

Your spell library contained the following spells:

 Spells                   Type           Power      Damage    Failure   Level
 Wereblood                Tmut           7%         N/A       14%         2
 Kiss of Death            Conj/Necr      4%         2d5       26%         1
 Spider Form              Tmut/Pois      4%         N/A       43%         3
 Confusing Touch          Hex            1%         N/A       58%         3
 Ice Form                 Ice/Tmut       4%         N/A       83%         4
 Dispel Undead            Necr           1%         3d6       94%         4


Dungeon Overview and Level Annotations

Branches:
Dungeon (2/15)

Altars:


Innate Abilities, Weirdness & Mutations

You have temporarily grown beastly horns and talons.
Your plain brown scales are hard. (AC +5)
You cannot fit into any form of body armour.
You are cold-blooded and may be slowed by cold attacks.


Message History

A goblin comes into view. It is wielding a +1 dagger of venom.
The goblin moves out of view.
A goblin is nearby!
You see here a book of Spatial Translocations.
You closely miss the goblin. The goblin barely misses you.
Casting: Beastly Appendage (safe; 10% risk of failure)
Confirm with . or Enter, or press ? or * to list all spells.
You grow a pair of large bovine horns.
Your feet morph into talons.
The goblin hits you with a +0 club.
You hit the goblin. Your kick misses the goblin.
Your tail-slap misses the goblin.
The goblin is severely wounded.
The goblin hits you but does no damage.
You hit the goblin.
You kill the goblin!
You barely miss the goblin.
Your tail-slap misses the goblin.
The goblin hits you with a +1 dagger of venom.
You are poisoned.
You barely miss the goblin.
You feel very sick.
The goblin hits you with a +1 dagger of venom.
You are more poisoned.
You barely miss the goblin. Your headbutt misses the goblin.
Your tail-slap misses the goblin.
You feel very sick. The goblin hits you but does no damage.
You are lethally poisoned!
You hit the goblin.
You kill the goblin!
Your transformation is almost over.
You feel very sick.
* * * LOW HITPOINT WARNING * * *
You feel very sick.
Items here: )) ††.
* * * LOW HITPOINT WARNING * * *
You feel very sick.
* * * LOW HITPOINT WARNING * * *
You feel very sick.
Items here: )) ††.
You die...

### #.# #.#
## #.# #.
..# #. #.#
#####.##.#
#......@:#
#.####.#.#
#.#.###
#.#...#
#.#.###.#
#.......#
..
..#.###.###
...
.......[#
....
###...#.###


There were no monsters in sight!

Vanquished Creatures
  3 dart slugs
  2 ball pythons (D:1)
  3 endoplasms
  5 goblins
  2 hobgoblins (D:1)
  4 kobolds
  2 bats
  2 frilled lizards
  4 rats
27 creatures vanquished.

Notes
Turn   | Place    | Note
-------+----------+-------------------------------------------
     0 | D:1      | Irreverend the Draconian Transmuter began the quest for the
                  | Orb.
     0 | D:1      | Reached XP level 1. HP: 16/16 MP: 3/3
    11 | D:1      | Found a faded altar of an unknown god.
   118 | D:1      | Reached XP level 2. HP: 21/23 MP: 3/5
   805 | D:2      | Reached XP level 3. HP: 29/29 MP: 4/6
   935 | D:2      | Succumbed to a goblin's poison

Illustrated notes

Levels and vault maps discovered:
D:1:      eino_arrival_water_cross, layout_basic, basic_ecumenical_altar,
          minmay_misc_feat_enclosed
D:2:      layout_basic

Action                     || total
---------------------------++-------
  Melee: Unarmed           ||    62
         Kick              ||    11
         Headbutt          ||     7
         Tailslap          ||     2
         Punch             ||     2
   Cast: Beastly Appendage ||    16
 Armour: Skin              ||    20
  Dodge: Dodged            ||    29
